[Event "Titled Tuesday Blitz November 08 Early 2022"]
[White "Stribuk, Artiom"]
[Black "Pranav, V"]
[WhiteFideId "13515659"]
[BlackFideId "25060783"]
[WhiteElo "2371"]
[BlackElo "2430"]
[Result "0-1"]
[Round "08"]
[TimeControl "180+1"]
[Date "2022.11.08"]
[WhiteClock "0:00:29"]
[BlackClock "0:02:05"]

1. d4 Nf6 2. c4 e6 3. g3 c5 4. Nf3 cxd4 5. Nxd4 Be7 6. Bg2 O-O 7. Nc3 d6 8. O-O a6 9. b3 Qc7 10. Bb2 Bd7 11. Rc1 Qb6 12. e4 Nc6 13. Nc2 Rfd8 14. Ne3 Rac8 15. Qd2 Be8 16. Rfd1 Qa5 17. a3 b5 18. b4 Qb6 19. h3 Ne5 20. cxb5 axb5 21. Ne2 Nc4 22. Nxc4 bxc4 23. Nd4 h6 24. Kh2 d5 25. e5 Ne4 26. Bxe4 dxe4 27. Qe3 Bg5 28. Qxe4 Bxc1 29. Rxc1 c3 30. Rxc3 Rxd4 31. Qe2 Rxc3 32. Bxc3 Rd3 33. Be1 Bb5 34. Qc2 Qc6 0-1


[Site "https://www.chess.com"]

[Event "Titled Tuesday Blitz November 08 Early 2022"]
[White "Svane, Rasmus"]
[Black "Pakleza, Zbigniew"]
[WhiteFideId "4657101"]
[BlackFideId "1119290"]
[WhiteElo "2674"]
[BlackElo "2411"]
[Result "1-0"]
[Round "08"]
[TimeControl "180+1"]
[Date "2022.11.08"]
[WhiteClock "0:00:10"]
[BlackClock "0:00:02"]

1. Nf3 Nf6 2. g3 d5 3. Bg2 Bf5 4. c4 c6 5. O-O e6 6. Qb3 Qb6 7. d3 Nbd7 8. cxd5 cxd5 9. Qxb6 Nxb6 10. Nc3 Be7 11. Nb5 O-O 12. Bf4 a6 13. Nd6 Bxd6 14. Bxd6 Rfc8 15. Rfc1 Ne8 16. Bc5 Nd7 17. Be3 Kf8 18. Nd4 Bg6 19. f4 Nd6 20. g4 Nf6 21. h3 h5 22. Bf3 hxg4 23. hxg4 Ke7 24. Kf2 Rxc1 25. Rxc1 Rc8 26. Rxc8 Nxc8 27. g5 Nd7 28. f5 Bxf5 29. Nxf5+ exf5 30. Bxd5 Nd6 31. Bf4 b6 32. Ke3 f6 33. b4 Ne5 34. Kd4 Nb5+ 35. Ke3 Nc3 36. Bb3 a5 37. bxa5 bxa5 38. Kd2 Nb5 39. Be3 fxg5 40. Bxg5+ Kd7 41. Ba4 Kc6 42. Bd8 Kc5 43. Bxa5 Nc6 44. Bc3 Nxc3 45. Kxc3 Nd4 46. e3 Ne2+ 47. Kd2 Ng3 48. d4+ Kd5 49. Bb3+ Kd6 50. a4 g5 51. a5 f4 52. exf4 gxf4 53. Kd3 Kc6 54. Ba4+ Kc7 55. d5 f3 56. Ke3 Nf5+ 57. Kxf3 Nd6 58. Kf4 Nb7 59. a6 Nc5 60. Bb5 Kd6 61. a7 Kxd5 62. a8=Q+ Kd4 1-0


[Site "https://www.chess.com"]

[Event "Titled Tuesday Blitz November 08 Early 2022"]
[White "Swiercz, Dariusz"]
[Black "Madaminov, Mukhiddin"]
[WhiteFideId "1126881"]
[BlackFideId "14210703"]
[WhiteElo "2627"]
[BlackElo "2341"]
[Result "0-1"]
[Round "08"]
[TimeControl "180+1"]
[Date "2022.11.08"]
[WhiteClock "0:00:05"]
[BlackClock "0:00:28"]

1. Nf3 Nf6 2. g3 g6 3. Bg2 Bg7 4. O-O O-O 5. c4 c6 6. b3 d5 7. Bb2 a5 8. d4 Ne4 9. Nc3 Bf5 10. Nh4 Nxc3 11. Bxc3 Be6 12. Qd3 a4 13. c5 Nd7 14. b4 f6 15. e4 dxe4 16. Bxe4 f5 17. Bg2 Nf6 18. Rfe1 Bd5 19. a3 Re8 20. Rad1 e6 21. Bd2 Qd7 22. Bg5 Ne4 23. Be3 Rad8 24. Nf3 Bb3 25. Rb1 Ba2 26. Ra1 Bd5 27. Bf4 Qc8 28. Be5 Bh6 29. Qc2 Bb3 30. Qb2 Qd7 31. h4 Bd5 32. Rad1 Bb3 33. Ra1 Bd5 34. Rad1 Qe7 35. Nh2 g5 36. hxg5 Qxg5 37. Bf4 Qg7 38. Bxh6 Qxh6 39. Nf3 Rd7 40. Qc1 Qh5 41. Ne5 Rg7 42. Bf3 Qh3 43. Bg2 Qh5 44. Qf4 Rf8 45. Bf3 Qh3 46. Bg2 Qh5 47. Bf3 Qh3 48. Bg2 Nxf2 49. Bxh3 Nxh3+ 50. Kh2 Nxf4 51. gxf4 Rf6 52. Rd3 Rh6+ 53. Rh3 Rg2+ 0-1


[Site "https://www.chess.com"]

[Event "Titled Tuesday Blitz November 08 Early 2022"]
[White "Szente Varga, Fruzsina"]
[Black "Arabidze, Meri"]
[WhiteFideId "712264"]
[BlackFideId "13604040"]
[WhiteElo "1994"]
[BlackElo "2403"]
[Result "0-1"]
[Round "08"]
[TimeControl "180+1"]
[Date "2022.11.09"]
[WhiteClock "0:00:04"]
[BlackClock "0:00:08"]

1. e4 c5 2. Nf3 e6 3. b3 b6 4. Bb2 Bb7 5. Nc3 Nf6 6. e5 Nd5 7. d4 Nxc3 8. Bxc3 Be7 9. dxc5 Bxc5 10. Bd3 Nc6 11. Qd2 Ne7 12. O-O Bxf3 13. gxf3 Ng6 14. Be4 Rc8 15. Rad1 Rc7 16. Kh1 O-O 17. Bb2 Qh4 18. c4 Nf4 19. Bd4 Bxd4 20. Qxd4 Rc5 21. Rg1 Ne2 22. Rg4 Qh6 23. Qd3 Rxe5 24. Qxe2 f5 25. Rg2 fxe4 26. fxe4 Rf7 27. Rdg1 Rh5 28. Qg4 Rh4 29. Qg3 Rxe4 30. Qb8+ Rf8 31. Rxg7+ Qxg7 32. Rxg7+ Kxg7 33. Qg3+ Kh8 34. Qc3+ e5 35. Qd3 Rd4 36. Qe3 d6 37. h3 Rdf4 38. Kg2 Rxf2+ 39. Kg1 Rf1+ 40. Kg2 R8f2+ 41. Kg3 Rf3+ 42. Qxf3 Rxf3+ 43. Kxf3 Kg7 44. Ke4 Kf6 45. b4 Ke6 46. a4 Kd7 47. c5 bxc5 48. bxc5 dxc5 49. Kxe5 Kc6 50. h4 h5 51. Kf5 c4 52. Ke4 Kc5 0-1


[Site "https://www.chess.com"]

[Event "Titled Tuesday Blitz November 08 Early 2022"]
[White "Tari, Aryan"]
[Black "Ozen, Bahadir"]
[WhiteFideId "1510045"]
[BlackFideId "6337058"]
[WhiteElo "2612"]
[BlackElo "2503"]
[Result "1-0"]
[Round "08"]
[TimeControl "180+1"]
[Date "2022.11.08"]
[WhiteClock "0:00:24"]
[BlackClock "0:00:17"]

1. e4 g6 2. d4 Bg7 3. Nf3 c6 4. Nc3 d6 5. Bd3 Nf6 6. O-O O-O 7. h3 Nbd7 8. Ne2 Qc7 9. Ng3 e5 10. c3 Re8 11. Re1 b6 12. Be3 Bb7 13. Qd2 c5 14. d5 c4 15. Bc2 Nc5 16. Bh6 Qe7 17. b4 cxb3 18. axb3 b5 19. b4 Ncd7 20. Bd3 a6 21. c4 bxc4 22. Bxc4 Bxh6 23. Qxh6 Qf8 24. Qe3 Rec8 25. Bf1 Qd8 26. Ra5 Rc2 27. Rea1 Qc8 28. Qb3 h5 29. b5 Rc3 30. Qb4 Qc5 31. Qxc5 Nxc5 32. bxa6 Bc8 33. a7 Nb3 34. R5a3 Rxf3 35. gxf3 Nxa1 36. Rxa1 Nd7 37. Bb5 Nc5 38. Bc6 Bb7 39. Ne2 Kf8 40. Nc3 Ke7 41. Nb5 Kd8 42. Nxd6 Bxc6 43. dxc6 Kc7 44. Nxf7 Nd3 45. Rd1 Nb2 46. Rd7+ Kxc6 47. Nxe5+ Kb6 48. Nxg6 Nc4 49. e5 Rxa7 50. Rxa7 Kxa7 51. f4 Kb6 52. Kg2 Kc7 53. Kf3 Kd7 54. f5 Ke8 55. Ke4 Kf7 56. Nf4 h4 57. f6 Nb6 58. Kf5 Nc4 59. e6+ Ke8 60. f7+ 1-0


[Site "https://www.chess.com"]

[Event "Titled Tuesday Blitz November 08 Early 2022"]
[White "Tate, Alan"]
[Black "Muminova, Nafisa"]
[WhiteFideId "2401878"]
[BlackFideId "14201526"]
[WhiteElo "2179"]
[BlackElo "2258"]
[Result "0-1"]
[Round "08"]
[TimeControl "180+1"]
[Date "2022.11.09"]
[WhiteClock "0:00:02"]
[BlackClock "0:00:14"]

1. c4 e5 2. d3 Nc6 3. Nf3 Bc5 4. Nc3 d6 5. g3 a6 6. Bg2 Bg4 7. h3 Be6 8. e3 Ba7 9. Rb1 Nge7 10. b4 Nf5 11. a4 O-O 12. b5 axb5 13. axb5 Nce7 14. Ng5 Bc8 15. Ra1 Ng6 16. h4 h6 17. Nge4 Be6 18. h5 Nh8 19. Ba3 Bb6 20. Qd2 Ba5 21. O-O Ne7 22. Qb2 Ra7 23. Nd5 b6 24. Nb4 f5 0-1


[Site "https://www.chess.com"]

[Event "Titled Tuesday Blitz November 08 Early 2022"]
[White "Tifferet, Shaked"]
[Black "Mohamed, Saeed Laily"]
[WhiteFideId "2811529"]
[BlackFideId "9314946"]
[WhiteElo "2142"]
[BlackElo "1874"]
[Result "1-0"]
[Round "08"]
[TimeControl "180+1"]
[Date "2022.11.09"]
[WhiteClock "0:00:12"]
[BlackClock "0:00:23"]

1. d4 d5 2. c4 e6 3. g3 Nf6 4. Bg2 Be7 5. Nf3 O-O 6. O-O Nbd7 7. Qc2 c6 8. Nbd2 b6 9. e4 Ba6 10. e5 Ne8 11. Re1 Rc8 12. b3 c5 13. Bb2 cxd4 14. Bxd4 b5 15. Bf1 Nb6 16. Rad1 bxc4 17. bxc4 Nxc4 18. Bxc4 Bxc4 19. Qa4 Nc7 20. Nxc4 dxc4 21. Qxc4 Nd5 22. Qa4 a5 23. Kg2 Bb4 24. Rh1 Qe7 25. h4 Rc4 26. h5 Rfc8 27. h6 g6 28. Qb3 a4 29. Qxa4 Bc3 30. Qa6 Bxd4 31. Rxd4 Rc2 32. Rd2 Rxd2 33. Qxc8+ Qf8 34. Qxf8+ Kxf8 35. Nxd2 Nb6 36. Rb1 Ke7 37. Rxb6 Kd7 38. Rb7+ Kc8 39. Rxf7 Kb8 40. Ne4 Ka8 41. Nd6 Kb8 42. a4 Ka8 43. a5 Kb8 44. a6 Ka8 45. Rb7 g5 46. Nb5 g4 47. Nc7# 1-0


[Site "https://www.chess.com"]

[Event "Titled Tuesday Blitz November 08 Early 2022"]
[White "Timofeev, Artyom"]
[Black "Odegov, Artem"]
[WhiteFideId "4140419"]
[BlackFideId "34183644"]
[WhiteElo "2586"]
[BlackElo "2298"]
[Result "1-0"]
[Round "08"]
[TimeControl "180+1"]
[Date "2022.11.09"]
[WhiteClock "0:02:04"]
[BlackClock "0:00:04"]

1. e4 e6 2. Qe2 c5 3. Nf3 g6 4. h4 h5 5. c3 Bg7 6. d4 cxd4 7. cxd4 Nc6 8. Be3 Nf6 9. Nc3 Ng4 10. O-O-O Nxe3 11. fxe3 Qa5 12. Kb1 d6 13. Ng5 Bd7 14. g4 hxg4 15. Qxg4 Rc8 16. Bb5 a6 17. Bxc6 Rxc6 18. Rhf1 Rxc3 19. Nxf7 Rxe3 20. Qxg6 1-0


[Site "https://www.chess.com"]

[Event "Titled Tuesday Blitz November 08 Early 2022"]
[White "Tohirjonova, Hulkar"]
[Black "Roque Sola, Gisela"]
[WhiteFideId "14202247"]
[BlackFideId "5120241"]
[WhiteElo "2144"]
[BlackElo "1961"]
[Result "0-1"]
[Round "08"]
[TimeControl "180+1"]
[Date "2022.11.09"]
[WhiteClock "0:00:34"]
[BlackClock "0:00:47"]

1. e4 c5 2. Nf3 Nc6 3. d4 cxd4 4. Nxd4 Nf6 5. Nc3 e5 6. Ndb5 d6 7. Bg5 a6 8. Na3 b5 9. Nd5 Be7 10. Bxf6 Bxf6 11. c4 b4 12. Nc2 O-O 13. Ncxb4 Nxb4 14. Nxb4 Qb6 15. Qd2 Rb8 16. Nd3 Bb7 17. f3 Rfc8 18. b3 a5 19. g3 a4 20. Bh3 Rc7 21. Rb1 Rxc4 22. Nf2 Rd4 23. Qc2 Qb4+ 24. Kf1 Ba6+ 25. Kg2 Rd2 26. Qc7 Bd8 27. Qc6 Bb6 28. Rhf1 Bxf1+ 29. Rxf1 axb3 30. axb3 Qd4 31. Bc8 Rxf2+ 32. Kh3 g6 33. Rc1 Kg7 34. Rc4 Qe3 35. Qxd6 Qh6+ 36. Kg4 Qh5# 0-1


[Site "https://www.chess.com"]

[Event "Titled Tuesday Blitz November 08 Early 2022"]
[White "Troltenier, Dirk"]
[Black "Bibilashvili, Lali"]
[WhiteFideId "4606400"]
[BlackFideId "13604236"]
[WhiteElo "2315"]
[BlackElo "1819"]
[Result "1-0"]
[Round "08"]
[TimeControl "180+1"]
[Date "2022.11.09"]
[WhiteClock "0:00:11"]
[BlackClock "0:00:01"]

1. e4 c6 2. d4 d5 3. exd5 cxd5 4. c4 e6 5. Nc3 Nf6 6. Nf3 Be7 7. cxd5 Nxd5 8. Bd3 O-O 9. O-O Nc6 10. Re1 a6 11. a3 b5 12. Nxd5 exd5 13. Qc2 g6 14. Qxc6 Bg4 15. Ne5 Be6 16. Bh6 Re8 17. Rac1 Bh4 18. Qc2 Qb6 19. Nf3 Bf6 20. Be3 Qd6 21. Qc5 Qd7 22. Ne5 Qb7 23. Qc7 Rab8 24. Qxb7 Rxb7 25. Rc6 a5 26. Rec1 b4 27. a4 Bxe5 28. dxe5 Bd7 29. R6c5 Bxa4 30. Rxa5 Bd7 31. f4 Rd8 32. Rxd5 Ra8 33. Be4 Ra2 34. Rd2 Rb8 35. Rxd7 Rxb2 36. Bd5 Re2 37. Bxf7+ Kf8 38. Bc5+ Kg7 39. Bc4+ Kh6 40. Bxe2 b3 41. e6 b2 42. Rb1 Rc8 43. Rd5 g5 44. f5 g4 45. f6 g3 46. hxg3 Re8 47. e7 Rg8 48. Kh2 Re8 49. f7 Rg8 50. f8=Q+ Rg7 51. Qxg7+ 1-0


[Site "https://www.chess.com"]

[Event "Titled Tuesday Blitz November 08 Early 2022"]
[White "Turzo, Attila"]
[Black "Farmani Anosheh, Armin"]
[WhiteFideId "704954"]
[BlackFideId "24613240"]
[WhiteElo "2506"]
[BlackElo "2289"]
[Result "1-0"]
[Round "08"]
[TimeControl "180+1"]
[Date "2022.11.09"]
[WhiteClock "0:02:21"]
[BlackClock "0:00:55"]

1. d4 Nf6 2. c4 e6 3. Nf3 d5 4. Nc3 Bb4 5. cxd5 exd5 6. Bg5 h6 7. Bxf6 Qxf6 8. Qa4+ Nc6 9. e3 O-O 10. Bb5 a5 11. a3 Bxc3+ 12. bxc3 Ne7 13. O-O c6 14. Be2 b5 15. Qd1 Bg4 16. Ne5 Bxe2 17. Qxe2 Rfb8 18. Nd7 1-0


[Site "https://www.chess.com"]

[Event "Titled Tuesday Blitz November 08 Early 2022"]
[White "Urazayev, Arystanbek"]
[Black "Cabezas Solano, David Alejandro"]
[WhiteFideId "13709810"]
[BlackFideId "6507522"]
[WhiteElo "2441"]
[BlackElo "2035"]
[Result "1-0"]
[Round "08"]
[TimeControl "180+1"]
[Date "2022.11.09"]
[WhiteClock "0:01:49"]
[BlackClock "0:00:29"]

1. d4 Nf6 2. c4 e6 3. Nf3 d5 4. Nc3 Be7 5. Bf4 O-O 6. e3 Nbd7 7. Be2 c5 8. cxd5 Nxd5 9. Nxd5 exd5 10. O-O Nf6 11. dxc5 Bxc5 12. Rc1 Bb6 13. Nd4 Be6 14. Bf3 Qd7 15. h3 Rac8 16. Qd3 h6 17. Be5 Qe7 18. Nf5 Bxf5 19. Qxf5 Qe6 20. Qf4 Nd7 21. Bc3 Nc5 22. Qd4 Qg6 23. Bh5 Qg5 24. h4 Qf6 25. Qxf6 gxf6 26. Bxf6 Nd3 27. Rcd1 Nb4 28. a3 Rc6 29. Be7 1-0


[Site "https://www.chess.com"]

[Event "Titled Tuesday Blitz November 08 Early 2022"]
[White "Vargas, Mauricio"]
[Black "Tarnowska, Aleksandra"]
[WhiteFideId "4404572"]
[BlackFideId "1180967"]
[WhiteElo "2025"]
[BlackElo "1776"]
[Result "0-1"]
[Round "08"]
[TimeControl "180+1"]
[Date "2022.11.09"]
[WhiteClock "0:00:06"]
[BlackClock "0:00:04"]

1. e4 c5 2. Nc3 e6 3. f4 a6 4. Nf3 b5 5. d3 Bb7 6. g3 d5 7. e5 Ne7 8. Bg2 Nbc6 9. O-O Nf5 10. Ne2 Qb6 11. c3 b4 12. g4 c4+ 13. d4 Nfe7 14. Be3 h5 15. g5 Nf5 16. Bf2 h4 17. h3 Nce7 18. Rb1 Ng6 19. Qe1 a5 20. Nh2 a4 21. Ng4 Be7 22. Ne3 Qc6 23. Nxf5 exf5 24. Kh2 a3 25. cxb4 axb2 26. Rxb2 Ra3 27. Nc3 Nxf4 28. b5 Qd7 29. Bf3 Nd3 30. Qb1 Nxb2 31. Qxb2 f4 32. Bg4 Qc7 33. Be1 Qb6 34. Ne2 Qa7 35. Nc1 c3 36. Bxc3 O-O 37. Rxf4 Bc8 38. Bf3 Be6 39. Bg4 Rc8 40. Bxe6 fxe6 41. Bb4 Bxg5 42. Rf1 Rg3 43. Ne2 Re3 44. Nf4 Bxf4+ 45. Rxf4 Qc7 46. Bc5 Qa5 47. Rf2 Rd3 48. b6 Rb8 49. Qe2 Qa6 50. Qh5 Rg3 51. Qf7+ Kh8 52. Qh5+ Kg8 53. Qxh4 Rg6 54. Qh5 Rh6 55. Qf7+ Kh8 56. Qc7 Rg8 57. Qf7 Qd3 58. b7 Qxh3+ 59. Kg1 Qh1# 0-1


[Site "https://www.chess.com"]

[Event "Titled Tuesday Blitz November 08 Early 2022"]
[White "Volkov, Maksim"]
[Black "Begunov, Konstantin"]
[WhiteFideId "54123070"]
[BlackFideId "4118510"]
[WhiteElo "2257"]
[BlackElo "2140"]
[Result "1-0"]
[Round "08"]
[TimeControl "180+1"]
[Date "2022.11.09"]
[WhiteClock "0:00:08"]
[BlackClock "0:00:06"]

1. d4 d5 2. c4 c6 3. Nf3 Nf6 4. e3 a6 5. Nc3 Bg4 6. Qb3 b5 7. cxd5 Bxf3 8. gxf3 cxd5 9. a4 bxa4 10. Qxa4+ Nbd7 11. Qc6 e6 12. Rxa6 Rxa6 13. Qxa6 Bb4 14. Bd2 O-O 15. Bd3 e5 16. Nb5 Qe7 17. Qa4 Bxd2+ 18. Kxd2 e4 19. Be2 exf3 20. Bxf3 Nb6 21. Qc2 Qb4+ 22. Nc3 Nc4+ 23. Ke2 Nxb2 24. Rb1 Qc4+ 25. Kd2 Rc8 26. Rxb2 Qf1 27. Qd3 Qxf2+ 28. Qe2 Qh4 29. Nxd5 Ne4+ 30. Bxe4 Qxe4 31. Nc3 Qh1 32. d5 g6 33. e4 Qa1 34. Qb5 Qg1 35. Ne2 Qxh2 36. Qb6 Re8 37. Qe3 f5 38. d6 Rxe4 39. Rb8+ Kg7 40. Qc3+ Kh6 41. Qd3 Qe5 42. d7 Rxe2+ 43. Qxe2 Qxb8 44. Qe3+ Kh5 45. Qf3+ Kh4 46. Qf2+ Kh3 47. Qf1+ Kh4 48. Qe1+ Kg4 49. Qe2+ Kh4 50. Qf2+ Kg4 51. Qd4+ f4 52. d8=Q Qb5 53. Q8d7+ Kh5 54. Qxb5+ g5 55. Qe8+ Kg4 56. Qe6+ Kh4 57. Qh6+ Kg4 58. Qg1+ Kf5 59. Qgxg5+ Ke4 60. Qe6+ Kf3 61. Qgg4+ Kf2 62. Qee2# 1-0


[Site "https://www.chess.com"]

[Event "Titled Tuesday Blitz November 08 Early 2022"]
[White "Wieczorek, Oskar"]
[Black "Liang, Awonder"]
[WhiteFideId "1133950"]
[BlackFideId "2056437"]
[WhiteElo "2404"]
[BlackElo "2508"]
[Result "1-0"]
[Round "08"]
[TimeControl "180+1"]
[Date "2022.11.08"]
[WhiteClock "0:00:16"]
[BlackClock "0:00:20"]

1. e4 a5 2. d4 a4 3. Bd3 e6 4. Nf3 b6 5. O-O Bb7 6. Re1 Ne7 7. c4 d6 8. Nc3 a3 9. b3 Nd7 10. Nb5 g6 11. Nxa3 Bg7 12. Nb5 h6 13. Bb2 g5 14. Qc2 Ng6 15. e5 Bxf3 16. exd6 Nh4 17. dxc7 Qe7 18. Ba3 Qxa3 19. Nxa3 Bxg2 20. Be4 Bxe4 21. Qxe4 O-O 22. Nb5 Nf6 23. Qc6 g4 24. Re3 Nf5 25. Rd1 Ne7 26. Qb7 Rxa2 27. Na7 Ne8 28. c8=Q Rxa7 29. Qxa7 Nxc8 30. Qd7 Nf6 31. Qc6 Ne7 32. Qxb6 Nf5 33. c5 Nd5 34. Qb7 Bxd4 35. Rxd4 Nxd4 36. Rd3 Nf3+ 37. Rxf3 gxf3 38. c6 Rd8 39. h3 Rf8 40. b4 Kh7 41. b5 Kg6 42. b6 Kf6 43. c7 Rg8+ 44. Kf1 Ne7 45. Qxf3+ 1-0


[Site "https://www.chess.com"]

[Event "Titled Tuesday Blitz November 08 Early 2022"]
[White "Winterberg, Lukas"]
[Black "Shuvalova, Polina"]
[WhiteFideId "24622702"]
[BlackFideId "24171760"]
[WhiteElo "2349"]
[BlackElo "2342"]
[Result "0-1"]
[Round "08"]
[TimeControl "180+1"]
[Date "2022.11.09"]
[WhiteClock "0:01:35"]
[BlackClock "0:01:30"]

1. e4 c5 2. Bc4 e6 3. Nc3 Nc6 4. Nf3 Nge7 5. d4 cxd4 6. Nxd4 Nxd4 7. Qxd4 Nc6 8. Qd1 Bb4 9. O-O O-O 10. Nb5 Ne5 11. Be2 Qe7 12. c3 Bc5 13. b4 Bb6 14. a4 a6 15. Nd6 Bc7 16. Nxc8 Raxc8 17. Be3 Rfd8 18. a5 Qh4 19. g3 Qxe4 20. Qd4 Nf3+ 21. Bxf3 Qxf3 22. Rfd1 d5 23. c4 dxc4 24. Qxc4 Rxd1+ 0-1


[Site "https://www.chess.com"]

[Event "Titled Tuesday Blitz November 08 Early 2022"]
[White "Wirig, Anthony"]
[Black "Pajeken, Jakob Leon"]
[WhiteFideId "615013"]
[BlackFideId "12942839"]
[WhiteElo "2487"]
[BlackElo "2429"]
[Result "1-0"]
[Round "08"]
[TimeControl "180+1"]
[Date "2022.11.09"]
[WhiteClock "0:00:14"]
[BlackClock "0:00:12"]

1. d4 d5 2. Bg5 f6 3. Bf4 Nc6 4. e3 Bf5 5. Bb5 a6 6. Bxc6+ bxc6 7. c4 e6 8. c5 e5 9. Bg3 Rb8 10. b3 h5 11. h3 h4 12. Bh2 Be4 13. f3 Bg6 14. Nc3 Nh6 15. Qd2 Nf5 16. Nge2 Qe7 17. O-O-O exd4 18. exd4 Kf7 19. Nf4 Qd7 20. Nxg6 Kxg6 21. Qd3 Kf7 22. Qxa6 g6 23. Kb2 Bh6 24. Rhe1 Ne3 25. Rd3 Nxg2 26. Re2 Nf4 27. Bxf4 Bxf4 28. Rd1 Ra8 29. Qd3 Rae8 30. Rg1 Rxe2+ 31. Nxe2 Bh6 32. Qxg6+ Ke7 33. Qg4 Qxg4 34. fxg4 Bg5 35. Rf1 Kf7 36. Rf3 Re8 37. Nc3 Re1 38. Kc2 Rh1 39. b4 Rh2+ 40. Kb3 Bc1 41. Ka4 Rb2 42. Ka5 Ke6 43. a4 Bd2 44. Rd3 Rc2 45. Ne2 Bxb4+ 46. Kxb4 Rxe2 47. a5 Rb2+ 48. Rb3 Ra2 49. Ra3 Rxa3 50. Kxa3 Kd7 51. Kb4 Kc8 52. Kc3 Kb7 53. Kd3 Ka6 54. Ke3 Kxa5 55. Kf4 Kb4 56. Kf5 Kc4 57. Kxf6 Kxd4 58. g5 Ke4 59. g6 Kf3 60. g7 Kg3 61. g8=Q+ Kxh3 62. Kf5 Kh2 63. Kf4 Kh1 64. Kf3 1-0


[Site "https://www.chess.com"]

[Event "Titled Tuesday Blitz November 08 Early 2022"]
[White "Yuan, Qingyu"]
[Black "Ginzburg, Yakov"]
[WhiteFideId "8609772"]
[BlackFideId "4157176"]
[WhiteElo "2359"]
[BlackElo "2305"]
[Result "1-0"]
[Round "08"]
[TimeControl "180+1"]
[Date "2022.11.09"]
[WhiteClock "0:01:36"]
[BlackClock "0:02:25"]

1. e4 c5 2. Nf3 e6 3. c4 d5 4. cxd5 exd5 5. exd5 Nf6 6. Nc3 Nxd5 7. Bb5+ Bd7 8. Qe2+ Ne7 9. Ne4 Bxb5 10. Qxb5+ Nbc6 11. O-O a6 12. Qxb7 Rb8 13. Qxa6 Rb6 14. Qa4 Rb5 15. Qxb5 1-0


[Site "https://www.chess.com"]

[Event "Titled Tuesday Blitz November 08 Early 2022"]
[White "Yurovskykh, Oleksandr"]
[Black "Makridis, Dimitrios"]
[WhiteFideId "14134020"]
[BlackFideId "25864475"]
[WhiteElo "2265"]
[BlackElo "2272"]
[Result "0-1"]
[Round "08"]
[TimeControl "180+1"]
[Date "2022.11.09"]
[WhiteClock "0:00:24"]
[BlackClock "0:00:27"]

1. d4 Nf6 2. Nf3 e6 3. Bf4 Bd6 4. Bg5 Be7 5. Nbd2 d5 6. e3 O-O 7. Bd3 b6 8. Qe2 Bb7 9. e4 dxe4 10. Nxe4 Nbd7 11. h4 Nd5 12. g3 h6 13. O-O-O Nb4 14. a3 Nxd3+ 15. Qxd3 f5 16. Ned2 hxg5 17. hxg5 Bxg5 18. Rhe1 Bxf3 19. Qxf3 Bxd2+ 20. Rxd2 Nf6 21. Rde2 Qd5 22. Qf4 Qa2 23. c3 c5 24. Rxe6 Ne4 25. Re7 Qa1+ 0-1


[Site "https://www.chess.com"]

[Event "Titled Tuesday Blitz November 08 Early 2022"]
[White "Zaksaite, Salomeja"]
[Black "Valle Maytin, Luis Enrique"]
[WhiteFideId "12801496"]
[BlackFideId "3503666"]
[WhiteElo "2079"]
[BlackElo "2225"]
[Result "0-1"]
[Round "08"]
[TimeControl "180+1"]
[Date "2022.11.09"]
[WhiteClock "0:00:01"]
[BlackClock "0:00:31"]

1. e4 c6 2. d4 d5 3. exd5 cxd5 4. Bd3 Nc6 5. c3 Nf6 6. Bf4 g6 7. Nf3 Bg7 8. O-O O-O 9. Re1 Bf5 10. Bf1 a6 11. Nbd2 Re8 12. Ne5 Nxe5 13. Bxe5 Nd7 14. Bxg7 Kxg7 15. Nf3 Qc7 16. Qb3 Be4 17. Nd2 Nf6 18. Nxe4 dxe4 19. c4 Rad8 20. Rad1 e6 21. g3 Ng4 22. Rxe4 f5 23. Ree1 e5 24. dxe5 Rxd1 25. Qxd1 Nxe5 26. Qd4 Kf8 27. Bg2 Nf3+ 28. Bxf3 Rxe1+ 29. Kg2 Re5 30. b4 b6 31. Bd5 g5 32. f4 gxf4 33. a4 fxg3 34. hxg3 Qd6 0-1


[Site "https://www.chess.com"]

[Event "Titled Tuesday Blitz November 08 Early 2022"]
[White "Zaragatski, Ilja"]
[Black "Jiang, Andrew"]
[WhiteFideId "4655192"]
[BlackFideId "30953510"]
[WhiteElo "2460"]
[BlackElo "1868"]
[Result "0-1"]
[Round "08"]
[TimeControl "180+1"]
[Date "2022.11.09"]
[WhiteClock "0:00:03"]
[BlackClock "0:00:12"]

1. c4 Nf6 2. g3 e6 3. Bg2 d5 4. Nf3 Be7 5. O-O O-O 6. d4 dxc4 7. Qa4 a6 8. Qxc4 b5 9. Qc2 Bb7 10. Bd2 Nbd7 11. Ba5 Rc8 12. b4 Qe8 13. Nbd2 Bd8 14. Nb3 Bd5 15. Rac1 c6 16. Nbd2 Bxa5 17. bxa5 c5 18. e4 Bb7 19. e5 Nd5 20. Ng5 g6 21. Qe4 c4 22. Qh4 h5 23. g4 Kg7 24. Nde4 Qe7 25. Nd6 Rc7 26. gxh5 Rh8 27. Ndxf7 Rxh5 28. Qg4 Nf8 29. h4 Nb4 30. Bxb7 Rxb7 31. Nd6 Rc7 32. f4 Nd3 33. Rc2 Kh8 34. f5 exf5 35. Nxf5 Qd7 36. e6 Nxe6 37. Ne3 Nxg5 38. hxg5 Qxg4+ 39. Nxg4 Rxg5 40. Rg2 Rd7 41. Rf8+ Kg7 42. Ra8 Rxd4 43. Ne3 Rxg2+ 44. Kxg2 c3 45. Ra7+ Kf6 46. Rxa6+ Ke5 47. Rc6 b4 48. Nc2 Re4 49. Kf3 Rf4+ 50. Ke3 Nb2 51. Nxb4 Re4+ 52. Kf2 Rxb4 53. Rxc3 Nc4 54. Rb3 Rxb3 55. axb3 Nxa5 56. b4 Nc4 57. Kg3 Kf5 58. Kf3 g5 59. b5 Nb6 60. Kg3 g4 61. Kg2 Kf4 62. Kf2 g3+ 63. Kg2 Kg4 64. Kg1 Kf3 65. Kf1 g2+ 66. Kg1 Nd5 67. b6 Nxb6 68. Kh2 Kf2 69. Kh3 g1=Q 70. Kh4 Qg6 71. Kh3 Qg3# 0-1


[Site "https://www.chess.com"]

[Event "Titled Tuesday Blitz November 08 Early 2022"]
[White "Zemlyanskii, Ivan"]
[Black "Garcia Ramos, Daniel"]
[WhiteFideId "24249971"]
[BlackFideId "32010311"]
[WhiteElo "2107"]
[BlackElo "2357"]
[Result "0-1"]
[Round "08"]
[TimeControl "180+1"]
[Date "2022.11.09"]
[WhiteClock "0:00:03"]
[BlackClock "0:00:02"]

1. d4 d5 2. c4 e6 3. Nf3 Nf6 4. g3 Bb4+ 5. Bd2 Be7 6. Bg2 O-O 7. O-O c6 8. Qc2 b6 9. Bf4 Nbd7 10. Nbd2 Bb7 11. e4 dxe4 12. Nxe4 c5 13. Nxf6+ Bxf6 14. dxc5 Nxc5 15. Rad1 Qc8 16. Rfe1 a5 17. Rd6 Ra6 18. Red1 h6 19. Qe2 Qa8 20. h4 Bxb2 21. Rb1 Bf6 22. Rdxb6 Rxb6 23. Rxb6 Rc8 24. Bd6 Na4 25. Rb3 Nc3 26. Qd3 Be4 27. Qe3 Nxa2 28. Ra3 Nc3 29. Rxc3 Bxc3 30. Qxc3 Qc6 31. Ne5 Qxd6 32. Bxe4 a4 33. Nd3 a3 34. c5 Qa6 35. Nb4 Qa5 36. Qd2 a2 37. Qxa2 Qxb4 38. Qe2 Qxc5 0-1


[Site "https://www.chess.com"]

[Event "Titled Tuesday Blitz November 08 Early 2022"]
[White "Zhigalko, Sergei"]
[Black "Harshavardhan G B"]
[WhiteFideId "13502956"]
[BlackFideId "25059009"]
[WhiteElo "2662"]
[BlackElo "2333"]
[Result "1-0"]
[Round "08"]
[TimeControl "180+1"]
[Date "2022.11.08"]
[WhiteClock "0:01:02"]
[BlackClock "0:02:09"]

1. e4 c5 2. Nf3 d6 3. d4 cxd4 4. Qxd4 a6 5. Bc4 Nc6 6. Qd3 Nf6 7. Nc3 g6 8. Bg5 Bg7 9. Bb3 O-O 10. O-O-O Qa5 11. Kb1 b5 12. h4 h5 13. e5 dxe5 14. Qxg6 Bg4 15. Bh6 Ne8 16. Ng5 1-0


[Site "https://www.chess.com"]